 Dungeon Crawl Stone Soup version 0.24.0-29-g8ce449bc06 (webtiles) character file.

Game seed: 14200154707122486282, levelgen mode: deterministic

69 Delamore the Chopper (level 4, -4/39 HPs)
             Began as a Hill Orc Fighter on Nov 14, 2019.
             Killed from afar by Sigmund (9 damage)
             ... with a magic dart
             ... on level 2 of the Dungeon.
             The game lasted 00:01:46 (1024 turns).

Delamore the Chopper (Hill Orc Fighter)             Turns: 1024, Time: 00:01:47

Health: -4/39      AC:  6    Str: 24    XL:     4   Next: 20%
Magic:  4/4        EV:  7    Int:  8    God:
Gold:   50         SH:  9    Dex: 10    Spells: 3/3 levels left

rFire    . . .     SeeInvis .   a - +0 war axe
rCold    . . .     Gourm    .   c - +0 shield
rNeg     . . .     Faith    .   b - +0 scale mail
rPois    .         Spirit   .   (no helmet)
rElec    .         Reflect  .   (no cloak)
rCorr    .         Harm     .   (no gloves)
MR       .....                  (no boots)
Stlth    ..........             (no amulet)
HPRegen  0.13/turn              (no ring)
MPRegen  0.09/turn              (no ring)

@: mighty, lethally poisoned (-4 -> -33)
A: no striking features
a: no special abilities


You were on level 2 of the Dungeon.
You were not hungry.

You visited 1 branch of the dungeon, and saw 2 of its levels.

You collected 50 gold pieces.

Inventory:

Hand Weapons
 a - a +0 war axe (weapon)
Armour
 b - a +0 scale mail (worn)
 c - a +0 shield (worn)
 i - a +0 pair of gloves
Jewellery
 r - an uncursed amulet of magic regeneration {unknown}
Scrolls
 e - 2 scrolls of immolation {unknown}
 h - 3 scrolls of remove curse {unknown}
 j - 2 scrolls of enchant weapon {unknown}
 m - a scroll of identify {unknown}
 n - a scroll of enchant armour {unknown}
 o - a scroll of amnesia {unknown}
 q - 2 scrolls of magic mapping {unknown}
Potions
 g - a potion of berserk rage {unknown}
 k - 2 potions of curing {unknown}
 l - a potion of cancellation {unknown}
 p - a potion of heal wounds {unknown}
Comestibles
 f - 4 rations


   Skills:
 - Level 3.6 Fighting
 + Level 5.8 Axes
 - Level 3.2 Armour
 - Level 3.2 Shields


You had 3 spell levels left.
You didn't know any spells.
Your spell library was empty.

Dungeon Overview and Level Annotations

Branches:
Dungeon (2/15)

Altars:

Annotations:
D:2 Sigmund


Message History

You kill the ball python!
Sigmund hits you from afar with a +0 scythe of venom!
You are poisoned.
You feel sick. Sigmund closely misses you.
There is an open door here.
You see here a ball python corpse.
You barely miss Sigmund.
You feel sick.
Sigmund hits you with a +0 scythe of venom!
* * * LOW HITPOINT WARNING * * *
You are more poisoned.
You feel very mighty all of a sudden.
* * * LOW HITPOINT WARNING * * *
You feel very sick.
You slice Sigmund!!
Sigmund is severely wounded.
* * * LOW HITPOINT WARNING * * *
You feel very sick. Sigmund gestures at you while chanting.
The magic dart hits you!
You die...

#.........# ##.# #.
#.........# #..> #.
#.........# #...
#.#########.#.######...
#.....# #(............
#.....# #.............
#.....# #.............
#.....####.............
#.[.÷.@................
##...@##########....)..
#...†...# ########
#.......# #####...#####
#S......# #.......#
#.......# #..@.......


You could see Sigmund.

Vanquished Creatures
  A gnoll (D:1)
  2 adders (D:2)
  3 dart slugs (D:1)
  A leopard gecko (D:2)
  An orc (D:2)
  A giant cockroach (D:1)
  4 hobgoblins (D:1)
  A ball python (D:2)
  7 bats (D:1)
  4 frilled lizards
  4 goblins
  2 kobolds
  6 rats
37 creatures vanquished.

Notes
Turn   | Place    | Note
-------+----------+-------------------------------------------
     0 | D:1      | Delamore the Hill Orc Fighter began the quest for the Orb.
     0 | D:1      | Reached XP level 1. HP: 19/19 MP: 1/1
     8 | D:1      | Reached skill level 3 in Axes
    52 | D:1      | Reached XP level 2. HP: 24/26 MP: 2/2
    98 | D:1      | Reached skill level 4 in Axes
   329 | D:1      | Reached XP level 3. HP: 24/31 MP: 3/3
   507 | D:1      | Reached skill level 5 in Axes
   846 | D:2      | Reached XP level 4. HP: 39/39 MP: 4/4
  1008 | D:2      | Noticed Sigmund
  1024 | D:2      | Killed from afar by Sigmund

Levels and vault maps discovered:
D:1:      ncdulo_wetmaze, layout_loops_ring
D:2:      layout_basic, uniq_sigmund

Skill      XL: |  1  2  3 |
---------------+----------+-----
Axes           | 3 4 5 |  5.8
Fighting       | |  3.6
Armour         | |  3.2
Shields        | |  3.2

Action                   |  1- 3 |  4- 6 || total
-------------------------+-------+-------++-------
Melee: War axe           |    86 |    16 ||   102
  Use: Potion            |       |     1 ||     1
  Eat: Chunk             |       |     1 ||     1
Armor: Scale mail        |    29 |     5 ||    34
Dodge: Dodged            |    22 |     4 ||    26
Block: Shield            |    43 |     7 ||    50
